[Event "ICC tourney 2413 (45 10)"]
[Site "Internet Chess Club"]
[Date "2021.02.27"]
[Round "4"]
[White "KEYWORTH, PAUL:KawordianKnight"]
[Black "Li, Jingtu Oscar:ZYCON"]
[Result "1/2-1/2"]
[ICCResult "Game drawn by mutual agreement"]
[WhiteElo "1561"]
[BlackElo "1458"]
[Opening "King's Indian: East Indian defense"]
[ECO "A48"]
[NIC "QP.06"]
[Time "18:31:31"]
[PlyCount "80"]
[TimeControl "2700+10"]

1. d4 Nf6 2. Nf3 g6 3. e3 d5 4. Be2 Bg7 5. O-O O-O 6. b3 c5 7. Bb2 cxd4 8.
Bxd4 Nc6 9. Bb2 Bf5 10. Nbd2 Rc8 11. c4 dxc4 12. Nxc4 Qxd1 13. Rfxd1 Rfd8
14. Nd4 Nxd4 15. Rxd4 Ne4 16. Rxd8+ Rxd8 17. Bxg7 Kxg7 18. Rd1 Rxd1+ 19.
Bxd1 Nc3 20. Bf3 b5 21. Na5 Nxa2 22. Nc6 a6 23. Nxe7 Bc2 24. Bb7 Bxb3 25.
Bxa6 b4 26. Nc6 Ba4 27. Na5 Nc1 28. Bc4 b3 29. Nxb3 Bxb3 30. Bb5 Na2 31.
Kf1 Nc3 32. Bd3 f5 33. Ke1 Kf6 34. h4 h5 35. f3 g5 36. hxg5+ Kxg5 37. g3
Bd5 38. Kf2 h4 39. gxh4+ Kxh4 40. Bxf5 Kg5 { Game drawn by mutual agreement
} 1/2-1/2

[Event "ICC tourney 2413 (45 10)"]
[Site "Internet Chess Club"]
[Date "2021.02.27"]
[Round "4"]
[White "Shanmugam, Meera:artistqueen"]
[Black "HEBBAR, ESHAAN:solveur"]
[Result "0-1"]
[ICCResult "White checkmated"]
[WhiteElo "1451"]
[BlackElo "1560"]
[Opening "Ruy Lopez: 5.O-O"]
[ECO "C78"]
[NIC "RL.12"]
[Time "18:31:25"]
[PlyCount "92"]
[TimeControl "2700+10"]

1. e4 e5 2. Nf3 Nc6 3. Bb5 a6 4. Ba4 Nf6 5. O-O b5 6. Bb3 Bc5 7. a4 Bb7 8.
c3 d6 9. d4 Bb6 10. Bg5 h6 11. Bh4 g5 12. Bg3 Qe7 13. Re1 Rd8 14. Qd3 b4
15. cxb4 Nxb4 16. Qc3 Nc6 17. d5 Nd4 18. Nxd4 Bxd4 19. Qb4 Bc8 20. Nc3 h5
21. h4 Ng4 22. Re2 gxh4 23. Bh2 Qf6 24. Rf1 Nxh2 25. Kxh2 Qf4+ 26. Kg1 Bh3
27. Re3 Bxe3 28. fxe3 Qg3 29. Rf2 Rg8 30. Ne2 Qxe3 31. Kf1 Rxg2 32. Rxg2
Bxg2+ 33. Ke1 Bf3 34. Bc4 h3 35. Kd1 h2 36. Qe1 Qd4+ 37. Kc2 Qxc4+ 38. Kd2
Qxe2+ 39. Qxe2 Bxe2 40. Kxe2 h1=Q 41. Kd3 Qf3+ 42. Kd2 Rb8 43. Kc2 Qe2+ 44.
Kc3 Qxb2+ 45. Kd3 Rb3+ 46. Kc4 Qc3# { White checkmated } 0-1

[Event "ICC tourney 2413 (45 10)"]
[Site "Internet Chess Club"]
[Date "2021.02.27"]
[Round "4"]
[White "ZHANG, FRED:Fredzhang"]
[Black "BRUDNO, STEPHEN:StevChess01"]
[Result "1/2-1/2"]
[ICCResult "Game drawn by repetition"]
[WhiteElo "1499"]
[BlackElo "1661"]
[Opening "Sicilian: Kan, 5.Nc3"]
[ECO "B43"]
[NIC "SI.43"]
[Time "18:31:24"]
[PlyCount "82"]
[TimeControl "2700+10"]

1. e4 c5 2. Nf3 a6 3. Nc3 e6 4. d4 cxd4 5. Nxd4 Qc7 6. Be3 Bb4 7. Qd3 Nc6
8. Nxc6 dxc6 9. O-O-O Nf6 10. f3 O-O 11. a3 Be7 12. g4 Rd8 13. Qe2 Rxd1+
14. Qxd1 e5 15. Bc4 b5 16. Bb3 Bb7 17. h4 Rd8 18. Qe2 c5 19. g5 Nh5 20. Rd1
Rxd1+ 21. Qxd1 c4 22. Ba2 Nf4 23. Kb1 g6 24. Bxf4 exf4 25. Ka1 Bd6 26. a4
Bc6 27. Nd5 Bxd5 28. Qxd5 Qb6 29. c3 Bf8 30. axb5 axb5 31. e5 Qg1+ 32. Bb1
Qc5 33. Qe4 Qe3 34. Qd5 Qc5 35. Qe4 b4 36. cxb4 Qxb4 37. e6 Qa4+ 38. Ba2
Qd1+ 39. Bb1 Qa4+ 40. Ba2 Qd1+ 41. Bb1 Qa4+ { Game drawn by repetition }
1/2-1/2

[Event "ICC tourney 2413 (45 10)"]
[Site "Internet Chess Club"]
[Date "2021.02.27"]
[Round "4"]
[White "PARKER, MICHAEL WAYNE:BobbyFissure"]
[Black "Achuthan, Aryan:kingAryan10"]
[Result "0-1"]
[ICCResult "White resigns"]
[WhiteElo "1504"]
[BlackElo "1631"]
[Opening "English: symmetrical, Botvinnik system reversed"]
[ECO "A37"]
[NIC "EO.28"]
[Time "18:31:27"]
[PlyCount "96"]
[TimeControl "2700+10"]

1. c4 c5 2. Nc3 Nc6 3. Nf3 g6 4. g3 Bg7 5. Bg2 e5 6. O-O Nge7 7. d3 d6 8.
Nd5 O-O 9. Bg5 f6 10. Be3 Be6 11. Nd2 Bxd5 12. cxd5 Nd4 13. Nb3 Rc8 14. Rc1
Qb6 15. Rc3 Nef5 16. Bd2 Nb5 17. Rc4 Nbd4 18. Nxd4 Nxd4 19. Bc3 a6 20. e3
Nf5 21. Bh3 Qc7 22. e4 b5 23. exf5 bxc4 24. fxg6 Rce8 25. Be6+ Rxe6 26.
gxh7+ Kxh7 27. dxe6 d5 28. dxc4 d4 29. Bd2 Qe7 30. Qh5+ Kg8 31. Qg6 Qxe6
32. b3 Rb8 33. Re1 Qf7 34. Qf5 Re8 35. Re4 Qe6 36. Qxe6+ Rxe6 37. f4 f5 38.
Re1 e4 39. g4 fxg4 40. Kg2 e3 41. Ba5 d3 42. Rd1 e2 43. Re1 Bd4 44. Kg3 Be3
45. f5 Re8 46. Kxg4 d2 47. Kf3 d1=Q 48. Rxe2 Bd4 { White resigns } 0-1

[Event "ICC tourney 2413 (45 10)"]
[Site "Internet Chess Club"]
[Date "2021.02.27"]
[Round "4"]
[White "TREUSDELL , ROSS:IveDoneEnough"]
[Black "GHOSH, KRISH N:krishghosh"]
[Result "1-0"]
[ICCResult "Black checkmated"]
[WhiteElo "1584"]
[BlackElo "1512"]
[Opening "King's gambit"]
[ECO "C30"]
[NIC "KG.05"]
[Time "18:31:20"]
[PlyCount "123"]
[TimeControl "2700+10"]

1. e4 e5 2. f4 d6 3. Nf3 Bg4 4. h3 Bxf3 5. Qxf3 a6 6. Bc4 Nc6 7. c3 exf4 8.
Qxf4 Ne5 9. O-O Qf6 10. Be2 Qxf4 11. Rxf4 Nf6 12. d3 Be7 13. Be3 O-O 14.
Nd2 Rfe8 15. d4 Ng6 16. Rf5 Bf8 17. Bc4 b5 18. Bb3 c6 19. Bg5 Be7 20. e5
Nd5 21. exd6 Bxg5 22. Rxg5 h6 23. Bxd5 cxd5 24. Rxd5 Rad8 25. Rf1 Re6 26.
d7 Ne7 27. Rc5 Rxd7 28. Nf3 Ng6 29. Re1 Rde7 30. Rxe6 Rxe6 31. Ne5 Rf6 32.
Nxg6 Rxg6 33. Kf2 Kf8 34. Re5 Rd6 35. Ke3 f6 36. Re4 Kf7 37. b3 Rc6 38. Kd3
g6 39. c4 bxc4+ 40. bxc4 Re6 41. d5 Rxe4 42. Kxe4 Ke7 43. c5 Kd7 44. g4 a5
45. a4 Ke7 46. d6+ Ke6 47. Kd4 f5 48. gxf5+ gxf5 49. Ke3 Kd7 50. Kf3 Ke6
51. Kf4 h5 52. h4 Kd7 53. Kxf5 Kc6 54. Ke6 Kxc5 55. d7 Kb6 56. d8=Q+ Kb7
57. Qxa5 Kb8 58. Qb6+ Ka8 59. Qb5 Ka7 60. Kd7 Ka8 61. Kc7 Ka7 62. Qb7# {
Black checkmated } 1-0

[Event "ICC tourney 2413 (45 10)"]
[Site "Internet Chess Club"]
[Date "2021.02.27"]
[Round "4"]
[White "Pulijala, Akshaj:akshajp"]
[Black "SULTAN, BASHIR CISSE:muzikmixer"]
[Result "1/2-1/2"]
[ICCResult "Game drawn by mutual agreement"]
[WhiteElo "1392"]
[BlackElo "1579"]
[Opening "Pirc: Ufimtsev-Pytel variation"]
[ECO "A41"]
[NIC "QO.17"]
[Time "18:31:50"]
[PlyCount "106"]
[TimeControl "2700+10"]

1. d4 d6 2. Nc3 c6 3. e4 Nf6 4. f3 e5 5. dxe5 dxe5 6. Qxd8+ Kxd8 7. Bd3 Be6
8. Bg5 Kc7 9. f4 exf4 10. Bxf4+ Kc8 11. Nf3 h6 12. O-O-O b5 13. Nd4 Bd7 14.
Rhe1 a6 15. Nf5 Bxf5 16. exf5 Nbd7 17. Ne4 Nd5 18. Nd6+ Bxd6 19. Bxd6 N7f6
20. Be4 Kd7 21. Bxd5 Nxd5 22. Bc5 Rae8 23. Rxe8 Rxe8 24. Rf1 Re2 25. Rg1
Ne3 26. Bxe3 Rxe3 27. Kd1 Ke7 28. Kd2 Re5 29. g4 h5 30. h3 hxg4 31. hxg4
Kf6 32. Kd3 Kg5 33. Rg2 c5 34. c3 Re8 35. a3 c4+ 36. Kd4 f6 37. Kc5 Re4 38.
Kb6 Rxg4 39. Rxg4+ Kxg4 40. Kxa6 Kxf5 41. Kxb5 g5 42. a4 g4 43. a5 g3 44.
a6 g2 45. a7 g1=Q 46. a8=Q Qf1 47. Qd5+ Kg4 48. Qe4+ Qf4 49. Qxf4+ Kxf4 50.
Kxc4 Ke3 51. b4 f5 52. b5 f4 53. b6 f3 { Game drawn by mutual agreement }
1/2-1/2

[Event "ICC tourney 2413 (45 10)"]
[Site "Internet Chess Club"]
[Date "2021.02.27"]
[Round "4"]
[White "OBERAI, ADITYA:obiwan12"]
[Black "SUSANTO, RIDWAN:fhunfi"]
[Result "0-1"]
[ICCResult "White resigns"]
[WhiteElo "1591"]
[BlackElo "1695"]
[Opening "French: Tarrasch, Guimard main line"]
[ECO "C04"]
[NIC "FR.15"]
[Time "18:31:46"]
[PlyCount "86"]
[TimeControl "2700+10"]

1. e4 e6 2. d4 d5 3. Nd2 Nc6 4. Ngf3 Nf6 5. e5 Nd7 6. Bb5 a6 7. Bxc6 bxc6
8. O-O c5 9. c3 cxd4 10. cxd4 c5 11. Nb3 c4 12. Nbd2 Be7 13. Re1 O-O 14.
Nf1 Nb6 15. Ng3 Bd7 16. Qe2 Bb5 17. Qe3 Rc8 18. Bd2 Nd7 19. a4 Bc6 20. Nh5
Re8 21. Qf4 Nf8 22. Qg4 Ng6 23. Nf4 Bd7 24. Nxg6 fxg6 25. Bg5 Rf8 26. Qh4
Bxg5 27. Nxg5 h6 28. Nf3 Qxh4 29. Nxh4 Be8 30. a5 Rf4 31. Nf3 Rb8 32. Ra2
g5 33. h3 Bh5 34. Re3 Bxf3 35. Rxf3 Rxd4 36. Re3 Rd1+ 37. Kh2 Rd2 38. Rea3
Rbxb2 39. Rxb2 Rxb2 40. Kg3 Rb3+ 41. Rxb3 cxb3 42. Kf3 b2 43. Ke3 b1=Q {
White resigns } 0-1

[Event "ICC tourney 2413 (45 10)"]
[Site "Internet Chess Club"]
[Date "2021.02.27"]
[Round "4"]
[White "WONG, WYATT:MYMChessWyatt"]
[Black "LUSSIE, ALEXANDRA:Alycatheawesome"]
[Result "0-1"]
[ICCResult "White checkmated"]
[WhiteElo "1284"]
[BlackElo "1421"]
[Opening "Scandinavian (center counter) defense"]
[ECO "B01"]
[NIC "VO.17"]
[Time "18:32:12"]
[PlyCount "100"]
[TimeControl "2700+10"]

1. e4 d5 2. exd5 Qxd5 3. Nf3 Nf6 4. Nc3 Qd6 5. Bc4 c6 6. d4 Bg4 7. Be3 Nbd7
8. Qe2 e6 9. h3 Bh5 10. O-O Qc7 11. d5 cxd5 12. Bb3 Be7 13. Nb5 Qa5 14. Bf4
Bxf3 15. Qxf3 Qxb5 16. Rac1 O-O 17. Rfd1 Nc5 18. c4 dxc4 19. Bxc4 Qb6 20.
Be3 Rfd8 21. a3 Qxb2 22. Rxd8+ Rxd8 23. Rd1 Rxd1+ 24. Qxd1 Qxa3 25. Qf3 a5
26. Qg3 Qa1+ 27. Kh2 Nce4 28. Qb8+ Bf8 29. Bd3 Qa3 30. Bxe4 Nxe4 31. g3 Qb4
32. h4 a4 33. h5 a3 34. h6 a2 35. Qa8 Qb2 36. hxg7 Kxg7 37. Bh6+ Kxh6 38.
Qxf8+ Qg7 39. Qd8 Nxf2 40. Qh4+ Kg6 41. g4 Qh6 42. Qxh6+ Kxh6 43. g5+ Kxg5
44. Kg3 a1=Q 45. Kh2 Qc3 46. Kg2 Kf4 47. Kf1 Qd2 48. Kg1 Nh1 49. Kxh1 Kg3
50. Kg1 Qe1# { White checkmated } 0-1

[Event "ICC tourney 2413 (45 10)"]
[Site "Internet Chess Club"]
[Date "2021.02.27"]
[Round "4"]
[White "TIPPA, ASWATH SRISAI:IGMin2023"]
[Black "Nagarajan, Ramesh:rnagaraj"]
[Result "0-1"]
[ICCResult "White checkmated"]
[WhiteElo "932"]
[BlackElo "1472"]
[Opening "Scotch gambit"]
[ECO "C44"]
[NIC "SO.06"]
[Time "18:31:17"]
[PlyCount "160"]
[TimeControl "2700+10"]

1. e4 e5 2. Nf3 Nc6 3. d4 exd4 4. Bc4 Bc5 5. O-O d6 6. c3 dxc3 7. Nxc3 Nf6
8. Bg5 h6 9. Bh4 O-O 10. Nd5 g5 11. Nxf6+ Qxf6 12. Bg3 Qxb2 13. Rb1 Qf6 14.
Re1 Ne5 15. Nxe5 dxe5 16. Qd5 Bd6 17. Re3 Rb8 18. Rf3 Qg7 19. Ba6 Be6 20.
Qa5 bxa6 21. Rc1 Rb6 22. Rd3 Rfb8 23. f3 f6 24. Bf2 Rb1 25. Rcd1 Bc4 26.
Rd2 Bb4 27. Rxb1 Bxa5 28. Rxb8+ Kh7 29. Rc2 Qf7 30. Rbb2 Bb6 31. Bxb6 axb6
32. a3 b5 33. Rd2 Qe7 34. Rb1 Qc5+ 35. Kh1 Qxa3 36. Rbd1 c6 37. Rd7+ Kg6
38. h3 h5 39. Rc7 Qb3 40. Rdd7 Bf7 41. Rxc6 a5 42. Rdd6 Be6 43. Rxe6 Qd1+
44. Kh2 Qd8 45. Rcd6 Qf8 46. Rb6 b4 47. Ra6 Qd8 48. Rad6 Qf8 49. Ra6 Qf7
50. Rec6 Qe7 51. Rxa5 g4 52. fxg4 hxg4 53. hxg4 Qh7+ 54. Kg1 Qh4 55. Rb5
Qe1+ 56. Kh2 Qxe4 57. Rbb6 Qf4+ 58. Kg1 Kg5 59. Rb5 Qxg4 60. Rbc5 b3 61.
Rc4 Qd1+ 62. Kh2 b2 63. Rb4 b1=Q 64. Rxb1 Qxb1 65. Rc7 f5 66. Rg7+ Kf6 67.
Rg3 e4 68. Rh3 Ke5 69. Kg3 e3 70. Kf3 Qe4+ 71. Kg3 e2 72. Rh1 e1=Q+ 73.
Rxe1 Qxe1+ 74. Kh2 Ke4 75. Kh3 Kf4 76. Kh2 Qd2 77. Kh3 Kg5 78. Kh2 Kg4 79.
Kh1 Kg3 80. Kg1 Qxg2# { White checkmated } 0-1

[Event "ICC tourney 2413 (45 10)"]
[Site "Internet Chess Club"]
[Date "2021.02.27"]
[Round "4"]
[White "PULLABHOTLA, ABHINAV:Abhinac123"]
[Black "GINZBURG, LIORA:Liopleuradon15"]
[Result "1/2-1/2"]
[ICCResult "Game drawn because neither player has mating material"]
[WhiteElo "1619"]
[BlackElo "1448"]
[Opening "King's Indian, 3.Nf3"]
[ECO "E61"]
[NIC "KI.80"]
[Time "18:31:22"]
[PlyCount "148"]
[TimeControl "2700+10"]

1. d4 Nf6 2. c4 g6 3. Nf3 Bg7 4. Nc3 O-O 5. Bf4 d6 6. h3 Nc6 7. e3 Re8 8.
Be2 e5 9. dxe5 dxe5 10. Qxd8 Rxd8 11. Nxe5 Nb4 12. O-O Bf5 13. Rfd1 c6 14.
a3 Na6 15. Bd3 Be6 16. Be2 Nc5 17. b4 Nce4 18. Nxe4 Nxe4 19. Rac1 Rd2 20.
Rxd2 Nxd2 21. Rd1 Bxe5 22. Rxd2 Bxf4 23. exf4 a5 24. b5 cxb5 25. cxb5 Rc8
26. Bf3 Rc1+ 27. Kh2 Rb1 28. a4 Rb4 29. Bxb7 Rxa4 30. Bc6 Rb4 31. Rd8+ Kg7
32. Ra8 a4 33. b6 Rxb6 34. Bxa4 Rb4 35. Kg3 Rb1 36. Bc6 Rc1 37. Bf3 Rc3 38.
Ra5 Rb3 39. Re5 Ra3 40. Kh2 Ra2 41. Be2 Rd2 42. Kg3 Rb2 43. h4 Rb3+ 44. Kh2
Ra3 45. h5 Ra2 46. hxg6 hxg6 47. Kg3 Rd2 48. Bf3 Rd3 49. Re3 Rb3 50. Bg4
Bd5 51. f5 Kf6 52. Rxb3 Bxb3 53. fxg6 Kxg6 54. f4 Bd5 55. Bf3 Be6 56. Be4+
Kf6 57. Kh4 Kg7 58. g4 f6 59. Bf5 Bf7 60. Bc8 Bd5 61. f5 Be4 62. Kh5 Bd3
63. Bb7 Bc2 64. Bd5 Bd1 65. Be4 Bb3 66. g5 fxg5 67. Kxg5 Bg8 68. f6+ Kf8
69. Bg6 Be6 70. Kh6 Bd5 71. Bf5 Bf7 72. Kh7 Bc4 73. Bg6 Bd5 74. f7 Bxf7 {
Game drawn because neither player has mating material } 1/2-1/2

[Event "ICC tourney 2413 (45 10)"]
[Site "Internet Chess Club"]
[Date "2021.02.27"]
[Round "4"]
[White "Sun, Ethan:ethansun188"]
[Black "MERCER, LOGAN WILSON:LoganMercer"]
[Result "1-0"]
[ICCResult "Black checkmated"]
[WhiteElo "1337"]
[BlackElo "1551"]
[Opening "Sicilian defense"]
[ECO "B33"]
[NIC "SI.34"]
[Time "18:32:12"]
[PlyCount "109"]
[TimeControl "2700+10"]

1. e4 c5 2. Nf3 Nc6 3. d4 cxd4 4. Nxd4 Nf6 5. Nc3 a6 6. Be3 d6 7. Be2 e5 8.
Nb3 Be7 9. Qd2 O-O 10. O-O-O Qc7 11. h4 b5 12. f3 Bb7 13. g4 b4 14. Nd5
Nxd5 15. exd5 Na5 16. Qxb4 Rfc8 17. Bd3 Nxb3+ 18. Qxb3 a5 19. Bf5 Rcb8 20.
Qd3 g6 21. Be4 Ba6 22. Qc3 Qb7 23. h5 Rc8 24. Qb3 Qd7 25. hxg6 hxg6 26. Rh2
a4 27. Rdh1 Bf6 28. Qa3 Bc4 29. Bh6 Ra5 30. g5 Bd8 31. Qe3 Bxd5 32. Qf2
Bxe4 33. fxe4 Qg4 34. Kb1 Qxe4 35. Bg7 Qxh1+ 36. Rxh1 Kxg7 37. Qh4 Kf8 38.
Qh8+ Ke7 39. Qf6+ Kd7 40. Qxf7+ Kc6 41. Rh7 Rc7 42. Qc4+ Rc5 43. Rxc7+ Kxc7
44. Qf7+ Kc6 45. Qxg6 Kd7 46. Qf7+ Be7 47. g6 e4 48. g7 e3 49. g8=Q Re5 50.
Qge8+ Kc7 51. Qexe7+ Kc6 52. Qb7+ Kc5 53. Qfc7+ Kd4 54. Qb4+ Kd5 55. Qbc4#
{ Black checkmated } 1-0

[Event "ICC tourney 2413 (45 10)"]
[Site "Internet Chess Club"]
[Date "2021.02.27"]
[Round "4"]
[White "RAJU, YAKSHWAG REDDY:Yakshwag"]
[Black "SAKHARKAR, SHREYAS RAJENDRA:shrey16ultimate"]
[Result "1-0"]
[ICCResult "Black checkmated"]
[WhiteElo "1382"]
[BlackElo "1000"]
[Opening "Caro-Kann: Panov-Botvinnik attack"]
[ECO "B13"]
[NIC "CK.03"]
[Time "18:31:39"]
[PlyCount "107"]
[TimeControl "2700+10"]

1. e4 c6 2. d4 d5 3. exd5 cxd5 4. c4 Nf6 5. Nc3 Nc6 6. Nf3 Bg4 7. Be2 dxc4
8. d5 Bxf3 9. Bxf3 Ne5 10. Be2 Rc8 11. O-O g6 12. Bf4 Nfd7 13. Qa4 Bg7 14.
Bxe5 Bxe5 15. Bg4 a6 16. Rfe1 Bxc3 17. bxc3 f5 18. d6 b5 19. Qd1 e5 20.
Bxf5 gxf5 21. Qh5+ Kf8 22. Qxf5+ Kg7 23. Qg4+ Kf7 24. Qf5+ Kg7 25. Qg4+ Kf7
26. Qf5+ Nf6 27. g4 Qxd6 28. g5 Rhg8 29. Kh1 Qe6 30. Rxe5 Qxf5 31. Rxf5 Rg6
32. Rd1 Re8 33. h4 Ke6 34. Rf4 Ng8 35. Re1+ Kd7 36. Rd4+ Rd6 37. Rxd6+ Kxd6
38. Rxe8 Ne7 39. Ra8 Ng6 40. Rxa6+ Kc5 41. h5 Nf4 42. g6 hxg6 43. hxg6 Nh5
44. Ra7 b4 45. cxb4+ Kxb4 46. g7 Nf6 47. Rf7 Ng8 48. Rf8 Nh6 49. Rh8 c3 50.
Rxh6 c2 51. Rc6 Ka3 52. g8=Q Kb2 53. Rxc2+ Ka1 54. Qg1# { Black checkmated
} 1-0

[Event "ICC tourney 2413 (45 10)"]
[Site "Internet Chess Club"]
[Date "2021.02.27"]
[Round "4"]
[White "Washburn, Samuel Richard:samwash"]
[Black "HU, ANGELA:AngelaIL203"]
[Result "1-0"]
[ICCResult "Black resigns"]
[WhiteElo "1453"]
[BlackElo "1228"]
[Opening "Queen's pawn, Mason variation"]
[ECO "D00"]
[NIC "QP.08"]
[Time "18:31:37"]
[PlyCount "91"]
[TimeControl "2700+10"]

1. d4 d5 2. Bf4 e6 3. Nf3 c5 4. c3 Nc6 5. e3 Be7 6. Nbd2 Nf6 7. Bd3 O-O 8.
Qc2 h6 9. O-O-O c4 10. Be2 b5 11. b4 a5 12. a3 axb4 13. axb4 Ra4 14. Kb2
Bxb4 15. Ra1 Be7 16. Rxa4 bxa4 17. Qxa4 Qb6+ 18. Kc2 Bd7 19. Qa2 Qa5 20.
Ra1 Ra8 21. Qxa5 Rxa5 22. Rxa5 Nxa5 23. Ne5 Ba4+ 24. Kb2 g5 25. Bg3 Kf8 26.
h4 Ke8 27. Nef3 gxh4 28. Bxh4 Kd8 29. Ne5 Kc7 30. Nxf7 Kb6 31. Nxh6 Kb5 32.
Bxf6 Bxf6 33. g4 Nb3 34. Nxb3 Bxb3 35. f4 Ka4 36. g5 Be7 37. g6 Bf8 38. Ng4
Bg7 39. Ne5 Kb5 40. Bg4 Kb6 41. Bxe6 Ba4 42. Bxd5 Kc7 43. Bxc4 Kd6 44. f5
Bf6 45. Nf7+ Ke7 46. e4 { Black resigns } 1-0

[Event "ICC tourney 2413 (45 10)"]
[Site "Internet Chess Club"]
[Date "2021.02.27"]
[Round "5"]
[White "SAKHARKAR, SHREYAS RAJENDRA:shrey16ultimate"]
[Black "OBERAI, ADITYA:obiwan12"]
[Result "0-1"]
[ICCResult "White resigns"]
[WhiteElo "1000"]
[BlackElo "1591"]
[Opening "Queen's pawn, Mason variation"]
[ECO "D00"]
[NIC "QP.08"]
[Time "21:02:46"]
[PlyCount "36"]
[TimeControl "2700+10"]

1. d4 d5 2. Bf4 e6 3. e3 c6 4. c4 f5 5. Nf3 Nf6 6. Nc3 Bd6 7. Bg3 O-O 8.
Bd3 b6 9. Qc2 Ne4 10. Ne5 Nxg3 11. hxg3 Bxe5 12. dxe5 Qc7 13. f4 Ba6 14.
cxd5 Bxd3 15. Qxd3 cxd5 16. Nxd5 Qb7 17. Nc3 Qxg2 18. Kd1 Qxh1+ { White
resigns } 0-1

[Event "ICC tourney 2413 (45 10)"]
[Site "Internet Chess Club"]
[Date "2021.02.27"]
[Round "5"]
[White "AHUJA, AAKASH MOHAN:aakashjr"]
[Black "WANG, WILLIAM HUANG:needycinema"]
[Result "1-0"]
[ICCResult "Black checkmated"]
[WhiteElo "1586"]
[BlackElo "1481"]
[Opening "Sicilian: Taimanov variation"]
[ECO "B49"]
[NIC "SI.39"]
[Time "21:02:55"]
[PlyCount "39"]
[TimeControl "2700+10"]

1. e4 c5 2. Nf3 e6 3. d4 cxd4 4. Nxd4 Nc6 5. Be3 a6 6. Nc3 Qc7 7. Be2 Nf6
8. O-O Be7 9. Kh1 O-O 10. f4 d5 11. e5 Nd7 12. Bd3 Nc5 13. Bxh7+ Kxh7 14.
Qh5+ Kg8 15. Rf3 f6 16. Rh3 Bd8 17. Qg6 Rf7 18. Nf5 b6 19. Qh7+ Kf8 20.
Qh8# { Black checkmated } 1-0

[Event "ICC tourney 2413 (45 10)"]
[Site "Internet Chess Club"]
[Date "2021.02.27"]
[Round "5"]
[White "JING, ANDREW:andrewj508"]
[Black "WANG, LEONARDO:Leowang"]
[Result "0-1"]
[ICCResult "White checkmated"]
[WhiteElo "1305"]
[BlackElo "1382"]
[Opening "Sicilian: closed, 2...Nc6"]
[ECO "B23"]
[NIC "SI.44"]
[Time "21:02:46"]
[PlyCount "90"]
[TimeControl "2700+10"]

1. e4 c5 2. Nc3 Nc6 3. Bb5 g6 4. Bxc6 bxc6 5. f4 d5 6. d3 Bg7 7. Nf3 e6 8.
O-O Ne7 9. e5 O-O 10. Qe1 Qb6 11. Kh1 d4 12. Ne4 Nd5 13. b3 a5 14. Qh4 Nb4
15. Nf6+ Bxf6 16. Qxf6 Qd8 17. Qxd8 Rxd8 18. Rf2 Ba6 19. a3 Nd5 20. Nd2 Nb6
21. Ne4 Nd7 22. Bd2 Bb5 23. a4 Ba6 24. Bxa5 Rdb8 25. Bc7 Rb7 26. Bd6 c4 27.
dxc4 d3 28. Ra3 dxc2 29. Rxc2 Rd8 30. c5 Bd3 31. Rc3 Bxe4 32. Kg1 Ra8 33.
g3 f6 34. exf6 Nxf6 35. Re3 Bf5 36. Kf2 Ng4+ 37. Kf3 Nxe3 38. Kxe3 Bc2 39.
Kd4 Rxb3 40. Ra2 Bb1 41. Re2 Bf5 42. Ke5 Kf7 43. Ra2 Re3+ 44. Kd4 Rd3+ 45.
Ke5 Rd5# { White checkmated } 0-1

[Event "ICC tourney 2413 (45 10)"]
[Site "Internet Chess Club"]
[Date "2021.02.27"]
[Round "5"]
[White "SULTAN, BASHIR CISSE:muzikmixer"]
[Black "BAI, JEFFREY:Jeffchess"]
[Result "1-0"]
[ICCResult "Black checkmated"]
[WhiteElo "1579"]
[BlackElo "1227"]
[Opening "English opening"]
[ECO "A13"]
[NIC "EO.64"]
[Time "21:02:46"]
[PlyCount "127"]
[TimeControl "2700+10"]

1. c4 e6 2. g3 Nf6 3. Bg2 Nc6 4. Nf3 Bc5 5. O-O d5 6. d4 Bb6 7. c5 Ba5 8.
a3 b6 9. b4 bxc5 10. dxc5 Nxb4 11. axb4 Bxb4 12. Qa4+ Bd7 13. Qxb4 c6 14.
Bg5 h6 15. Bf4 a5 16. Qb6 O-O 17. Bd6 Re8 18. Ne5 a4 19. Ra3 Qxb6 20. cxb6
Bc8 21. Nxc6 Nd7 22. Bc7 Bb7 23. Na7 Ba6 24. Nc3 Nb8 25. Rfa1 Bb7 26. e3
Nc6 27. Rxa4 f5 28. Nxc6 Bxc6 29. Rxa8 Bxa8 30. Rxa8 Rxa8 31. b7 Rf8 32.
Nb5 Kf7 33. Nd6+ Ke7 34. Nc8+ Kd7 35. b8=Q Rxc8 36. Qxc8+ Kxc8 37. Be5 g6
38. f4 h5 39. h4 Kd7 40. Bf1 Kc6 41. Ba6 Kd7 42. Kf2 Kc6 43. Ke2 Kd7 44.
Kd3 Kc6 45. Kd4 Kd7 46. Kc5 Ke7 47. Kc6 Ke8 48. Kd6 Kf7 49. Bb5 Kg8 50. Bd7
Kh7 51. Bxe6 g5 52. hxg5 Kg6 53. Kxd5 Kh7 54. Bxf5+ Kg8 55. Ke6 Kf8 56. Bf6
Kg8 57. e4 Kf8 58. Bg6 Kg8 59. Kd6 Kf8 60. f5 Kg8 61. e5 Kf8 62. e6 h4 63.
e7+ Kg8 64. e8=Q# { Black checkmated } 1-0

[Event "ICC tourney 2413 (45 10)"]
[Site "Internet Chess Club"]
[Date "2021.02.27"]
[Round "5"]
[White "Goldblatt, Steven:SGOLD9367"]
[Black "HE, JUSTIN:Justinboi"]
[Result "1-0"]
[ICCResult "Black resigns"]
[WhiteElo "1173"]
[BlackElo "1531"]
[Opening "QGD Slav: 3.Nf3"]
[ECO "D11"]
[NIC "SL.01"]
[Time "21:02:47"]
[PlyCount "43"]
[TimeControl "2700+10"]

1. d4 d5 2. c4 c6 3. Nf3 Nf6 4. Bg5 e6 5. e3 h6 6. Bh4 Nbd7 7. Bd3 dxc4 8.
Bxc4 Bd6 9. O-O O-O 10. Qc2 Qc7 11. Nbd2 b5 12. Bd3 Bb7 13. Ne4 Be7 14.
Nxf6+ Nxf6 15. Bxb5 Nd5 16. Bxe7 Qxe7 17. Bc4 Rac8 18. Rac1 Rc7 19. Bxd5
exd5 20. Ne5 Rfc8 21. Qa4 a6 22. Nd3 { Black resigns } 1-0

[Event "ICC tourney 2413 (45 10)"]
[Site "Internet Chess Club"]
[Date "2021.02.27"]
[Round "5"]
[White "MURALI, RISHI:RishiMurali"]
[Black "PAN, CHRIS:Chris0708"]
[Result "1/2-1/2"]
[ICCResult "Game drawn by mutual agreement"]
[WhiteElo "1606"]
[BlackElo "1297"]
[Opening "Queen's gambit declined"]
[ECO "D30"]
[NIC "QP.08"]
[Time "21:02:45"]
[PlyCount "49"]
[TimeControl "2700+10"]

1. d4 d5 2. c4 e6 3. e3 c5 4. cxd5 exd5 5. Nc3 Nf6 6. Nf3 Bg4 7. Be2 Be7 8.
h3 Bxf3 9. Bxf3 c4 10. b3 O-O 11. bxc4 Bb4 12. Bd2 Bxc3 13. Bxc3 Nc6 14.
cxd5 Nxd5 15. Bxd5 Qxd5 16. O-O Rfe8 17. Qb3 Qxb3 18. axb3 Rad8 19. Rfd1
Rd5 20. f3 Rxe3 21. Rac1 a6 22. Kf2 Re7 23. Bb2 Red7 24. Rc4 Rb5 25. Rd3 {
Game drawn by mutual agreement } 1/2-1/2

[Event "ICC tourney 2413 (45 10)"]
[Site "Internet Chess Club"]
[Date "2021.02.27"]
[Round "5"]
[White "REMPE, LENNIK:Kokosnuss1000"]
[Black "YANG, ALLEN:aChessRookie"]
[Result "0-1"]
[ICCResult "White resigns"]
[WhiteElo "1400"]
[BlackElo "1323"]
[Opening "Four knights: Spanish, classical defense"]
[ECO "C48"]
[NIC "KP.03"]
[Time "21:02:56"]
[PlyCount "55"]
[TimeControl "2700+10"]

1. e4 e5 2. Nf3 Nc6 3. Nc3 Nf6 4. Bb5 Bc5 5. Nxe5 Bd4 6. Nxc6 dxc6 7. Bc4
Bxc3 8. bxc3 O-O 9. d3 a5 10. a4 Bd7 11. Bg5 h6 12. Bh4 b5 13. axb5 cxb5
14. Bd5 c6 15. Ba2 Qe7 16. O-O Qd6 17. f4 Ng4 18. e5 Qc5+ 19. d4 Qxc3 20.
f5 Ne3 21. Qf3 b4 22. Qg3 Nxf1 23. Qg6 Qxa1 24. Bf6 Ne3+ 25. Kf2 Nxf5 26.
g4 Qxa2 27. Qh5 Qxc2+ 28. Kg1 { White resigns } 0-1

[Event "ICC tourney 2413 (45 10)"]
[Site "Internet Chess Club"]
[Date "2021.02.27"]
[Round "5"]
[White "PATEL, ARAV:APBrain"]
[Black "RAO, SRIHAS:srihasrao"]
[Result "1-0"]
[ICCResult "Black resigns"]
[WhiteElo "1639"]
[BlackElo "1411"]
[Opening "Queen's pawn, Mason variation"]
[ECO "D00"]
[NIC "QP.08"]
[Time "21:02:45"]
[PlyCount "49"]
[TimeControl "2700+10"]

1. d4 d5 2. Bf4 Nf6 3. e3 c6 4. c3 Bf5 5. Bd3 Bg6 6. Nf3 e6 7. Bc2 c5 8.
O-O Nc6 9. Na3 Qb6 10. Ba4 c4 11. Nb5 Rc8 12. Ne5 a6 13. Nxg6 axb5 14. Nxh8
bxa4 15. Qf3 Qd8 16. Be5 Qe7 17. Qh3 g6 18. Bxf6 Qxf6 19. Qxh7 Bg7 20. Qg8+
Kd7 21. Qxf7+ Qxf7 22. Nxf7 Bf6 23. f4 Ke7 24. Ne5 Rh8 25. Nxg6+ { Black
resigns } 1-0